 Dungeon Crawl Stone Soup version 0.31.0-12-g77e489cdc1 (webtiles) character file.

Game seed: 8417174336946896666

11 Silvore the Covered (level 2, 0/24 HPs)
             Began as a Demonspawn Fighter on Feb 12, 2024.
             Slain by a giant cockroach (1 damage)
             ... on level 1 of the Dungeon.
             The game lasted 00:00:27 (293 turns).

Silvore the Covered (Demonspawn Fighter)             Turns: 293, Time: 00:00:28

Health: 0/24       AC:  6    Str: 16    XL:     2   Next: 17%
Magic:  2/2        EV:  8    Int:  8    God:
Gold:   0          SH:  4    Dex: 12    Spells: 1/1 levels left

rFire   . . .        a - +0 long sword
rCold   . . .        c - +0 buckler
rNeg    . . .        b - +0 scale mail
rPois   .            (helmet restricted)
rElec   .            (no cloak)
rCorr   .            (no gloves)
SInv    .            (no boots)
Will    .....        (no amulet) Stlth
                     (no ring)
HPRegen 0.24/turn    (no ring)
MPRegen 0.08/turn

%: no passive effects
@: no status effects
A: antennae 1
a: no special abilities


You were on level 1 of the Dungeon.
You visited 1 branch of the dungeon, and saw 1 of its levels.

Inventory:

Hand Weapons
 a - a +0 long sword (weapon)
Armour
 b - a +0 scale mail (worn)
 c - a +0 buckler (worn)
Potions
 d - a potion of might
 e - a potion of mutation {unknown}


   Skills:
 + Level 3.0 Fighting
 + Level 2.0 Long Blades
 + Level 3.1 Armour
 + Level 2.6 Shields


You had one spell level left.
You didn't know any spells.
Your spell library was empty.

Dungeon Overview and Level Annotations

Branches:
Dungeon (1/15)

Altars:


Innate Abilities, Weirdness & Mutations

You have a pair of small antennae on your head.


Message History

You block the endoplasm's attack. The dart slug launches a dart at you.
The slug dart misses you. The giant cockroach barely misses you.
The endoplasm hits you but does no damage.
The giant cockroach bites you but does no damage.
The dart slug launches a dart at you. You block the slug dart.
The endoplasm closely misses you.
The giant cockroach bites you but does no damage.
The endoplasm freezes you.
You are frozen.
The giant cockroach bites you but does no damage.
The giant cockroach bites you but does no damage.
The endoplasm freezes you.
You are frozen.
You block the dart slug's attack.
The giant cockroach bites you but does no damage.
The endoplasm hits you but does no damage.
The giant cockroach bites you but does no damage.
The endoplasm freezes you.
You are frozen.
You block the dart slug's attack. You block the giant cockroach's attack.
The endoplasm freezes you.
You are frozen.
* * * LOW HITPOINT WARNING * * *
The giant cockroach barely misses you.
The dart slug bites you but does no damage.
The endoplasm hits you but does no damage.
The giant cockroach bites you but does no damage.
The dart slug bites you but does no damage.
The giant cockroach bites you.
* * * LOW HITPOINT WARNING * * *
The endoplasm barely misses you. The giant cockroach barely misses you.
The endoplasm freezes you.
You are frozen.
* * * LOW HITPOINT WARNING * * *
The dart slug closely misses you. The giant cockroach bites you.
You die...

.....#. .#......
...............#..
....#.....#.##.....#..
.....................
... #.#.....##.....#
...##..............#
...................#
...............B...#.##.
...............w@.......
...........#####.J.#.#..
#...........# #...#
....?.......# #.....
.....#......# #..##...
................... ....
...................# ...
.............#...### .#
.................


You could see a dart slug, an endoplasm and a giant cockroach.

Vanquished Creatures
  2 endoplasms (D:1)
  A giant cockroach (D:1)
  A goblin (D:1)
  2 hobgoblins (D:1)
  A quokka (D:1)
  A kobold (D:1)
  2 rats (D:1)
10 creatures vanquished.

Notes
Turn   | Place    | Note
-------+----------+-------------------------------------------
     0 | D:1      | Silvore the Demonspawn Fighter began the quest for the Orb.
     0 | D:1      | Reached XP level 1. HP: 18/18 MP: 1/1
   130 | D:1      | Gained mutation: You have a pair of small antennae on your
                  | head. [demonic ancestry]
   130 | D:1      | Reached XP level 2. HP: 21/24 MP: 2/2
   292 | D:1      | HP: 1/24 [frozen (5)]
   293 | D:1      | Slain by a giant cockroach

Illustrated notes

Levels and vault maps discovered:
D:1:      erik_arrival_cave_to_civilisation [erik_arrival_cave_to_hall],
          layout_basic

Skill      XL: |  1 |
---------------+----+-----
Armour         | 3 |  3.1
Long Blades    | 2 |  2.0
Fighting       | |  3.0
Shields        | |  2.6

Action                     || total
---------------------------++-------
  Melee: Long sword        ||    30
 Armour: Scale mail        ||    70
  Dodge: Dodged            ||    42
  Block: Buckler           ||    31
